 Dungeon Crawl Stone Soup version 0.28.0-43-g3370ac3207 (webtiles) character file.

Game seed: 5929745957987437567

909 jjjjhere the Stinger (level 8, -10/57 HPs)
             Began as a Gnoll Venom Mage on Mar 18, 2022.
             Was an Elder of Jiyva.
             Mangled by an orc warrior
             ... wielding a +0 long sword
              (16 damage)
             ... on level 6 of the Dungeon on Mar 19, 2022.
             The game lasted 00:07:55 (5129 turns).

jjjjhere the Stinger (Gnoll Venom Mage)             Turns: 5129, Time: 00:07:56

Health: -10/57     AC: 10    Str: 10    XL:     8   Next: 8%
Magic:  25/25      EV:  5    Int: 17    God:    Jiyva [****..]
Gold:   152        SH:  0    Dex: 13    Spells: 15/18 levels left

rFire   + . .      SeeInvis .   j - +3 spear "Tormentor" {vorpal, rF+ MP+9 Str+3}
rCold   + . .      Faith    .   (no shield)
rNeg    . . .      Spirit   .   n - +0 chain mail
rPois   .          Reflect  .   (no helmet)
rElec   .          Harm     .   m - +0 cloak
rCorr   +          Rampage  .   (no gloves)
Will    .....                   (no boots)
Stlth   +.........              (no amulet)
HPRegen 1.47/turn               f - ring of protection from cold
MPRegen 0.59/turn               (no ring)

@: hasted, very quick
A: fangs 1, strong nose, distributed training, translucent skin 1, evolution 2,
MP-powered wands
a: Renounce Religion, Oozemancy, Slimify


You were on level 6 of the Dungeon.
You worshipped Jiyva.
Jiyva was greatly pleased with you.
You visited 1 branch of the dungeon, and saw 7 of its levels.

You collected 272 gold pieces.
You spent 120 gold pieces at shops.

Inventory:

Hand Weapons
 c - a +0 short sword
 j - the +3 spear "Tormentor" (weapon) {vorpal, rF+ MP+9 Str+3}
   (You found it on level 2 of the Dungeon)

   It inflicts extra damage upon your enemies.
   Str:       It affects your strength (+3).
   rF:        It protects you from fire.
   MP:        It affects your magic capacity (+9).
 q - a +1 whip of venom
Missiles
 g - 6 poisoned darts
Armour
 a - a +0 robe
 m - a +0 cloak (worn)
 n - a +0 chain mail (worn)
Magical Staves
 k - a staff of cold
Jewellery
 f - a ring of protection from cold (left hand)
Wands
 o - a wand of iceblast (7)
Scrolls
 b - a scroll of enchant armour {unknown}
 d - a scroll of summoning {unknown}
 h - 3 scrolls of immolation
 i - 2 scrolls of teleportation
 p - 2 scrolls of fear
 r - a scroll of enchant weapon {unknown}
 s - a scroll of blinking {unknown}
Potions
 l - a potion of brilliance {unknown}
 t - a potion of degeneration {unknown}


   Skills:
 + Level 2.9 Fighting
 + Level 2.9 Short Blades
 + Level 2.9 Long Blades
 + Level 2.9 Axes
 + Level 2.9 Maces & Flails
 + Level 2.9 Polearms
 + Level 2.9 Staves
 + Level 2.9 Slings
 + Level 2.9 Bows
 + Level 2.9 Crossbows
 + Level 2.9 Throwing
 + Level 2.9 Armour
 + Level 5.5 Dodging
 + Level 5.1 Stealth
 + Level 2.9 Shields
 + Level 2.9 Unarmed Combat
 + Level 5.8 Spellcasting
 + Level 2.3 Conjurations
 + Level 2.3 Hexes
 + Level 2.3 Summonings
 + Level 2.3 Necromancy
 + Level 2.3 Translocations
 + Level 3.2 Transmutations
 + Level 2.3 Fire Magic
 + Level 2.3 Ice Magic
 + Level 2.3 Air Magic
 + Level 2.3 Earth Magic
 + Level 6.0 Poison Magic
 + Level 3.2 Invocations
 + Level 2.9 Evocations


You had 15 spell levels left.
You knew the following spells:

 Your Spells              Type           Power      Damage    Failure   Level
a - Sting                 Tmut/Pois      80%        1d7       77%         1
b - Poisonous Vapours     Pois/Air       38%        N/A       92%         2

Your spell library contained the following spells:

 Spells                   Type           Power      Damage    Failure   Level
 Mephitic Cloud           Conj/Pois/Air  17%        N/A       99%         3
 Cause Fear               Hex            6%         N/A       100%        4
 Olgreb's Toxic Radiance  Pois           25%        N/A       100%        4
 Dragon Form              Tmut           8%         N/A       100%        7
 Dragon's Call            Summ           6%         N/A       100%        9


Dungeon Overview and Level Annotations

Branches:
Dungeon (7/15)             Temple (0/1) D:6

Altars:
Hepliaklqana
Jiyva

Shops:
D:3 !   D:4 *   D:6 :


Innate Abilities, Weirdness & Mutations

You have very sharp teeth.
Your uncanny sense of smell can sniff out nearby items.
Your experience applies equally to all skills.
Your translucent skin slightly reduces your foes' accuracy. (Stealth+)
You have great hidden genetic potential.
You expend magic power (3 MP) to strengthen your wands.


Message History

You bite the orc warrior, but do no damage.
The orc warrior is moderately wounded.
Something hits you but does no damage. The orc warrior barely misses you.
You hit the orc warrior but do no damage.
The orc warrior is moderately wounded.
Something hits you.
You bump into the rock wall.
The orc warrior hits you with a +0 long sword!
Something hits you but does no damage.
You hit the orc warrior but do no damage.
The orc warrior is moderately wounded.
The orc warrior hits you with a +0 long sword!
Something hits you but does no damage.
You hit the orc warrior but do no damage.
The orc warrior is moderately wounded.
You feel less confused. The orc warrior barely misses you.
Something hits you but does no damage.
You hit the orc warrior but do no damage.
You bite the orc warrior, but do no damage.
The orc warrior is moderately wounded.
The orc warrior hits you with a +0 long sword!
Something hits you but does no damage.
You hit the orc warrior but do no damage.
You punch the orc warrior.
The orc warrior is moderately wounded.
The orc warrior hits you with a +0 long sword!
* * * LOW HITPOINT WARNING * * *
Something hits you but does no damage.
You puncture the orc warrior!
The orc warrior is heavily wounded.
The orc warrior barely misses you. Something hits you but does no damage.
You feel yourself speed up.
The orc warrior hits you with a +0 long sword!
* * * LOW HITPOINT WARNING * * *
You hear some strange, mumbled words.
Something tries to affect you, but you resist.
You hit the orc warrior but do no damage.
The orc warrior is heavily wounded.
The orc warrior hits you with a +0 long sword!
You die...

#.###.#####.###........###.#..###
.#.........................#..#
###.........##................#
.#.##.########.#...#########.## #
#..##.# #.##### #..# ## #.....#
#.# #.####. #..####### #.#
#.#....
#........#####.############.#.##.
#...####.......{@o............###
#...# #######.#####.#........[.#
#...# #.# #...####.###..
#.J.##########.# ##.## #.#####
#J.............# #.# #.[....
#.#.############ #.# #######
#.#.# #.# # #.#.# #.# # #.#.# #.#
#


You could see an orc warrior.

Vanquished Creatures
  An orc warrior (D:7)
  2 ice beasts
  A centaur (D:6)
  A necrophage (D:4)
  An ogre (D:5)
  A scorpion (D:4)
  A gnoll shaman (D:6)
  2 orc priests (D:7)
  Ijyb (D:3)
  An orc wizard (D:7)
  A hound skeleton (D:5)
  7 adders
  5 gnolls
  A white imp (D:7)
  An ufetubus (D:6)
  A worm (D:3)
  5 dart slugs
  14 orcs
  5 ball pythons
  5 bats
  4 endoplasms
  A giant cockroach (D:3)
  8 goblins
  3 hobgoblins
  5 kobolds
  4 quokkas
  A frilled lizard (D:1)
  4 rats
87 creatures vanquished.

Vanquished Creatures (others)
  Menkaure (D:4)
  A wyvern skeleton (D:6)
  A water moccasin skeleton (D:4)
  6 jellies
  2 orc priests (D:3)
  A bullfrog skeleton (D:6)
  An iguana (D:5)
  4 gnolls (D:6)
  An adder (D:4)
  An adder skeleton (D:4)
  5 orcs
  2 hobgoblins
  A kobold (D:4)
  A goblin (D:3)
  3 plants (D:7)
31 creatures vanquished.

Grand Total: 118 creatures vanquished

Notes
Turn   | Place    | Note
-------+----------+-------------------------------------------
     0 | D:1      | jjjjhere the Gnoll Venom Mage began the quest for the Orb.
     0 | D:1      | Reached XP level 1. HP: 13/13 MP: 6/6
   192 | D:1      | Reached XP level 2. HP: 15/19 MP: 4/7
   230 | D:1      | Learned a level 2 spell: Poisonous Vapours
   739 | D:1      | Reached XP level 3. HP: 23/25 MP: 7/9
  1182 | D:2      | Reached skill level 5 in Spellcasting
  1335 | D:2      | Reached skill level 1 in Invocations
  1518 | D:2      | Identified the +3 spear "Tormentor" {vorpal, rF+ MP+9
                  | Str+3}
  1633 | D:2      | Reached skill level 1 in Fighting
  1633 | D:2      | Reached skill level 1 in Short Blades
  1633 | D:2      | Reached skill level 1 in Long Blades
  1633 | D:2      | Reached skill level 1 in Axes
  1633 | D:2      | Reached skill level 1 in Maces & Flails
  1633 | D:2      | Reached skill level 1 in Polearms
  1633 | D:2      | Reached skill level 1 in Staves
  1633 | D:2      | Reached skill level 1 in Slings
  1633 | D:2      | Reached skill level 1 in Bows
  1633 | D:2      | Reached skill level 1 in Crossbows
  1633 | D:2      | Reached skill level 1 in Throwing
  1633 | D:2      | Reached skill level 1 in Armour
  1633 | D:2      | Reached skill level 1 in Shields
  1633 | D:2      | Reached skill level 1 in Unarmed Combat
  1633 | D:2      | Reached skill level 1 in Evocations
  1674 | D:2      | Reached XP level 4. HP: 32/32 MP: 11/11
  1920 | D:2      | Found a faded altar of an unknown god.
  2276 | D:2      | Prayed at the altar of an unknown god.
  2276 | D:2      | Became a worshipper of Jiyva Jeestryh the Shapeless
  2276 | D:2      | Reached * piety under Jiyva
  2507 | D:3      | Reached skill level 1 in Conjurations
  2507 | D:3      | Reached skill level 1 in Hexes
  2507 | D:3      | Reached skill level 1 in Summonings
  2507 | D:3      | Reached skill level 1 in Necromancy
  2507 | D:3      | Reached skill level 1 in Translocations
  2507 | D:3      | Reached skill level 1 in Fire Magic
  2507 | D:3      | Reached skill level 1 in Ice Magic
  2507 | D:3      | Reached skill level 1 in Air Magic
  2507 | D:3      | Reached skill level 1 in Earth Magic
  2802 | D:3      | Found Deall's Distillery.
  2805 | D:3      | Reached ** piety under Jiyva
  2809 | D:3      | Bought a potion of heal wounds for 65 gold pieces
  2816 | D:3      | Noticed Ijyb
  2829 | D:3      | Killed Ijyb
  2830 | D:3      | Reached XP level 5. HP: 33/37 MP: 12/12
  3068 | D:4      | Found Noskokk's General Store.
  3077 | D:4      | Bought a scroll of fear for 35 gold pieces
  3077 | D:4      | Bought a scroll of identify for 20 gold pieces
  3104 | D:4      | Killed Menkaure
  3203 | D:4      | You fall into a shaft and drop 3 floors!
  3204 | D:7      | Noticed an orc warrior
  3213 | D:7      | Reached XP level 6. HP: 26/44 MP: 13/13
  3213 | D:7      | HP: 14/44 [cloud of flame (12)]
  3216 | D:7      | Found a hazy altar of Hepliaklqana.
  3271 | D:7      | Noticed an orc warrior
  3279 | D:7      | HP: 11/44 [orc warrior/+0 trident (15)]
  3286 | D:7      | HP: 8/44 [orc warrior/+0 trident (11)]
  3288 | D:7      | Killed an orc warrior
  3289 | D:7      | Reached skill level 5 in Dodging
  3356 | D:5      | Entered Level 5 of the Dungeon
  3356 | D:5      | Reached *** piety under Jiyva
  3425 | D:4      | Noticed an ice beast
  3436 | D:4      | Killed an ice beast
  3675 | D:4      | Noticed a necrophage
  3687 | D:4      | Killed a necrophage
  3688 | D:4      | Reached XP level 7. HP: 47/51 MP: 15/15
  4219 | D:5      | Gained mutation: You expend magic power (3 MP) to
                  | strengthen your wands. [Jiyva's grace]
  4219 | D:5      | Gained mutation: You have hidden genetic potential.
                  | [Jiyva's grace]
  4219 | D:5      | Gained mutation: You have great hidden genetic potential.
                  | [Jiyva's grace]
  4219 | D:5      | Gained mutation: Your translucent skin slightly reduces
                  | your foes' accuracy. (Stealth+) [Jiyva's grace]
  4228 | D:5      | Reached **** piety under Jiyva
  4378 | D:6      | Reached skill level 5 in Stealth
  4414 | D:6      | Found Inlyubud's Book Shop.
  4770 | D:6      | Found a staircase to the Ecumenical Temple.
  5037 | D:6      | Reached skill level 6 in Poison Magic
  5037 | D:6      | Reached XP level 8. HP: 52/57 MP: 16/16
  5126 | D:6      | HP: 11/57 [orc warrior/+0 long sword (12)]
  5128 | D:6      | HP: 5/57 [orc warrior/+0 long sword (9)]
  5129 | D:6      | Mangled by an orc warrior

Illustrated notes

Levels and vault maps discovered:
D:1:      evilmike_arrival_crescent, layout_loops_ring
D:2:      layout_basic, ebering_ecumenical_altar_hall, minmay_tripent
D:3:      layout_rooms, serial_shops, shop, uniq_ijyb
D:4:      layout_gridville, serial_shops, nicolae_lakefront_shop,
          kennysheep_generic_room_12, uniq_menkaure
D:5:      layout_cave_pools
D:6:      layout_loops_ring, minmay_temple_entry_grid,
          nicolae_ossuary_entry_monument, kennysheep_small_square
D:7:      layout_rooms, nicolae_hepliaklqana_hazy_memory

Skill      XL: |  1  2  3  4  5  6  7 |
---------------+----------------------+-----
Transmutations | 2 3 |  3.2
Spellcasting   | 5 |  5.8
Invocations    | 1 2 3 |  3.2
Fighting       | 1 2 |  2.9
Short Blades   | 1 2 |  2.9
Long Blades    | 1 2 |  2.9
Axes           | 1 2 |  2.9
Maces & Flails | 1 2 |  2.9
Polearms       | 1 2 |  2.9
Staves         | 1 2 |  2.9
Slings         | 1 2 |  2.9
Bows           | 1 2 |  2.9
Crossbows      | 1 2 |  2.9
Throwing       | 1 2 |  2.9
Armour         | 1 2 |  2.9
Shields        | 1 2 |  2.9
Unarmed Combat | 1 2 |  2.9
Evocations     | 1 2 |  2.9
Conjurations   | 1 2 |  2.3
Hexes          | 1 2 |  2.3
Summonings     | 1 2 |  2.3
Necromancy     | 1 2 |  2.3
Translocations | 1 2 |  2.3
Fire Magic     | 1 2 |  2.3
Ice Magic      | 1 2 |  2.3
Air Magic      | 1 2 |  2.3
Earth Magic    | 1 2 |  2.3
Dodging        | 5 |  5.5
Stealth        | 5 |  5.1
Poison Magic   | 6 |  6.0

Action                   |  1- 3 |  4- 6 |  7- 9 || total
-------------------------+-------+-------+-------++-------
Melee: Unarmed           |    12 |       |       ||    12
       Short sword       |    12 |       |       ||    12
       Bite              |     5 |     5 |    16 ||    26
       Punch             |     1 |     1 |     2 ||     4
       Spear             |    13 |    76 |   105 ||   194
 Cast: Sting             |    31 |     9 |       ||    40
       Poisonous Vapours |     6 |    25 |       ||    31
  Use: Scroll            |       |     4 |       ||     4
       Potion            |       |     2 |     1 ||     3
 Stab: Sleeping          |     2 |     9 |       ||    11
Armor: Robe              |     9 |     5 |       ||    14
       Chain mail        |       |     2 |    64 ||    66
Dodge: Dodged            |    36 |    32 |    33 ||   101
